 Dungeon Sprint DCSS version 0.17-a0-226-ge260c71 (webtiles) character file.

342 BluebellGnoll the Thaumaturge (level 6, -5/36 HPs)
             Began as an Octopode Fire Elementalist on Mar 28, 2015.
             Was a Follower of Vehumet.
             Killed from afar by a deep elf conjurer (19 damage)
             ... with a bolt of fire
             ... in the Dungeon (Sprint V: "Ziggurat Sprint").
             The game lasted 00:03:35 (387 turns).

BluebellGnoll the Thaumaturge (OpFE)                 Turns: 387, Time: 00:03:35

Health: -5/36      AC:  1    Str: 20    XL:     6   Next: 57%
Magic:  11/28      EV: 19    Int: 37    God:    Vehumet [*.....]
Gold:   0          SH:  0    Dex: 24    Spells: 5 memorised, 8 levels left

rFire  . . .     SeeInvis .     s - +6 Majin-Bo {vamp, Archmagi MP+6 Int+6}
rCold  . . .     Clarity  .     (no shield)
rNeg   . . .     SustAb   .     (helmet restricted)
rPois  .         Gourm    .     (no amulet)
rElec  .         Spirit   .     m - +6 ring of dexterity
rCorr  .         Warding  .     n - +6 ring of dexterity
rMut   .         NoTele   +     o - +6 ring of intelligence
MR     .....                    p - +6 ring of intelligence
Stlth  ++++......               q - +6 ring of strength
                                r - +6 ring of strength
                                (no ring)
                                (no ring)

@: not resistant to hostile enchantments, stealthy
A: almost no armour, amphibious, 8 rings, constrict 8, camouflage 1, gelatinous
body 1
a: Renounce Religion


You were in the Dungeon.
You worshipped Vehumet.
Vehumet was aware of your devotion.
You were not hungry.

You visited 1 branch

Inventory:

Hand weapons
 s - the +6 Majin-Bo (weapon) {vamp, Archmagi MP+6 Int+6}
   (You found it in the Dungeon)

   It inflicts no extra harm, but heals its wielder somewhat when it strikes a
   living foe.
   It affects your intelligence (+6).
   It affects your magic capacity (+6).
 J - a +5 lajatang
Jewellery
 m - a +6 ring of dexterity (left tentacle)
 n - a +6 ring of dexterity (right tentacle)
 o - a +6 ring of intelligence (on tentacle)
 p - a +6 ring of intelligence (on tentacle)
 q - a +6 ring of strength (on tentacle)
 r - a +6 ring of strength (on tentacle)
Magical devices
 a - a wand of disintegration (7)
 j - a wand of fire (5)
 k - a wand of cold (5)
 l - a wand of draining (5)
Scrolls
 i - 4 scrolls of blinking
 v - 4 scrolls of amnesia
 w - 3 scrolls of recharging
 x - 7 scrolls of fog
 y - a scroll of holy word
 z - 5 scrolls of identify
 A - 5 scrolls of remove curse
 B - 2 scrolls of fear
Potions
 d - 10 potions of curing
 e - 10 potions of heal wounds
 f - 6 potions of haste
 g - 7 potions of magic
 h - 2 potions of berserk rage
 C - 2 potions of brilliance
 D - 2 potions of invisibility
 E - 2 potions of restore abilities
 F - 4 potions of resistance
 H - 5 potions of agility
 I - 5 potions of might
Books
 b - a book of Flames

   Spells                             Type                      Level
   a - Flame Tongue                   Conjuration/Fire             1
   b - Throw Flame                    Conjuration/Fire             2
   c - Conjure Flame                  Conjuration/Fire             3
   d - Inner Flame                    Hexes/Fire                   3
   e - Sticky Flame                   Conjuration/Fire             4
   f - Fireball                       Conjuration/Fire             5
Comestibles
 c - 5 bread rations
 t - 38 fruits
 u - 4 meat rations


   Skills:
 * Level 6.7 Dodging
 - Level 2.6 Stealth
 + Level 9.0 Spellcasting
 - Level 4.4 Conjurations
 - Level 7.5 Fire Magic


You had 8 spell levels left.
You knew the following spells:

 Your Spells              Type           Power        Failure   Level  Hunger
a - Flame Tongue          Conj/Fire      #####        1%          1    None
b - Throw Flame           Conj/Fire      ######       1%          2    None
d - Inner Flame           Hex/Fire       ######..     1%          3    None
e - Sticky Flame          Conj/Fire      ######..     1%          4    None
f - Fireball              Conj/Fire      ######....   8%          5    ###....


Dungeon Overview and Level Annotations

Branches:
Dungeon (1/1)

Altars:
Ashenzari
Cheibriados
Dithmenos
Elyvilon
Fedhas
Gozag
Kikubaaqudgha
Makhleb
Nemelex Xobeh
Okawaru
Qazlal
Ru
Sif Muna
Trog
Vehumet
Xom
Yredelemnul
Zin
The Shining One
Beogh
Jiyva
Lugonu


Innate Abilities, Weirdness & Mutations

You cannot wear most types of armour.
You are amphibious.
You can wear up to eight rings at the same time.
You can use your tentacles to constrict many enemies at once.
Your skin changes colour to match your surroundings (Stealth).
Your rubbery body absorbs attacks (AC +1).


Message History

Found four items.
Casting: Flame Tongue
Confirm with . or Enter, or press ? or * to list all spells.
Aiming: Fireball
Press: ? - help, Shift-Dir - straight line You feel a surge of power!
The fireball explodes!
The fireball engulfs the fungus.
The fungus is heavily damaged.
The fireball engulfs the deep elf conjurer.
The deep elf conjurer is severely wounded.
The deep elf conjurer shouts!
The fireball engulfs the deep elf knight.
The deep elf knight is severely wounded.
The deep elf knight shouts!
The fireball engulfs the deep elf mage.
The deep elf mage is almost dead.
The deep elf conjurer points at you and mumbles some strange words.
The bolt of fire hits you!
Ouch! That really hurt!
You die...

▓▓▓▓▓▓▓▓▓▓▓▓▓▓▓▓▓▓▓
▓.8©8.▓.8©8.▓.8©8.▓
▓.P:).▓.)}=.▓.....▓
▓.eee.▓.....▓.:.).▓
▓.....▓.....▓..)..▓
▓.....▓.....▓.....▓
▓.....▓.....▓.....▓
▓..@..▓.....▓▓▓▓▓▓▓
▓▓▓▓▓▓▓▓▓▓▓▓▓


You could see a deep elf knight, a deep elf conjurer and a deep elf mage.

Vanquished Creatures
  A wolf (D)
  A porcupine (D)
  A phantom (D)
  A wight (D)
  A river rat (D)
5 creatures vanquished.

Notes
Turn   | Place    | Note
--------------------------------------------------------------
     0 | D        | BluebellGnoll, the Octopode Fire Elementalist, began the quest for the Orb.
     0 | D        | Reached XP level 1. HP: 11/11 MP: 3/3
     0 | D        | Found a viscous altar of Jiyva.
     0 | D        | Found a corrupted altar of Lugonu.
     0 | D        | Found a white marble altar of Elyvilon.
     2 | D        | Found a sparkling altar of Nemelex Xobeh.
     2 | D        | Found a burning altar of Makhleb.
     2 | D        | Found a deep blue altar of Sif Muna.
     3 | D        | Found a bloodstained altar of Trog.
     6 | D        | Found an iron altar of Okawaru.
    17 | D        | Found a radiant altar of Vehumet.
    20 | D        | Found a basalt altar of Yredelemnul.
    21 | D        | Found a shimmering altar of Xom.
    37 | D        | Became a worshipper of Vehumet
    51 | D        | Reached skill level 7 in Spellcasting
    51 | D        | Reached XP level 2. HP: 17/17 MP: 4/12
   141 | D        | Entered arena 1.
   141 | D        | Noticed a phantom
   141 | D        | Noticed a wight
   148 | D        | Killed a wight
   148 | D        | Reached skill level 5 in Fire Magic
   148 | D        | Reached XP level 3. HP: 21/21 MP: 14/14
   156 | D        | Killed a phantom
   156 | D        | Reached XP level 4. HP: 16/27 MP: 17/17
   156 | D        | Reached XP level 5. HP: 18/31 MP: 18/18
   165 | D        | Learned a level 2 spell: Throw Flame
   169 | D        | Learned a level 3 spell: Inner Flame
   174 | D        | Learned a level 4 spell: Sticky Flame
   180 | D        | Learned a level 5 spell: Fireball
   374 | D        | Entered arena 2.
   374 | D        | Noticed a porcupine
   374 | D        | Noticed a wolf
   376 | D        | Killed a wolf
   376 | D        | Acquired Vehumet's first power
   376 | D        | Offered knowledge of Shock by Vehumet.
   376 | D        | Reached skill level 8 in Spellcasting
   376 | D        | Reached XP level 6. HP: 26/36 MP: 20/21
   377 | D        | Killed a porcupine
   380 | D        | Reached skill level 9 in Spellcasting
   386 | D        | Entered arena 3.
   386 | D        | Noticed a deep elf knight
   386 | D        | Noticed a deep elf mage
   386 | D        | Noticed a deep elf conjurer
   387 | D        | Killed from afar by a deep elf conjurer

Action                   |  1- 3 |  4- 6 || total
-------------------------+-------+-------++-------
Melee: Quarterstaff      |     6 |     1 ||     7
 Cast: Flame Tongue      |     1 |     2 ||     3
       Sticky Flame      |       |     2 ||     2
       Fireball          |       |     1 ||     1
       Throw Flame       |       |     1 ||     1
  Use: Potion            |     2 |       ||     2
  Eat: Fruit             |     2 |     2 ||     4
